 Dungeon Crawl Stone Soup version 0.15-a0-90-g85a0ca6 (webtiles) character file.

852 BluebellGnoll the Archer (level 7, 37/43 HPs)
             Began as a High Elf Arcane Marksman on Apr 7, 2014.
             Was a Plaything of Xom.
             Quit the game on Level 5 of the Dungeon on Apr 8, 2014.
             The game lasted 00:36:21 (5454 turns).

BluebellGnoll the Archer (High Elf Arcane Marksman) Turns: 5454, Time: 00:36:21

HP  37/43        AC  4     Str 10      XL: 7   Next: 24%
MP  12/20        EV 19     Int 20 (23) God: Xom
Gold 218         SH  0     Dex 17      Spells:  4 memorised,  3 levels left

rFire  + . .     SeeInvis +     b - +0 bow
rCold  . . .     Clarity  .     a - +0 robe
rNeg   . . .     Conserve .     (no shield)
rPois  .         rCorr    .     (helmet restricted)
rElec  +         rRot     .     (no cloak)
SustAb . .       Spirit   .     (no gloves)
rMut   .         Warding  .     (no boots)
Saprov . . .     Stasis   .     (no amulet)
MR     .....                    B - ring of wizardry
                                g - +5 ring of evasion

@: not resistant to hostile enchantments, unstealthy
A: horns 1, slimy green scales 1, see invisible, agile 1, clever 2, fire
resistance 1, high mp 1, electricity resistance, evolution 1
a: Renounce Religion


You were on level 5 of the Dungeon.
You worshipped Xom.
You were Xom's teddy bear.
You were not hungry.

You visited 2 branches of the dungeon, and saw 7 of its levels.

You collected 218 gold pieces.

Inventory:

Hand weapons
 b - a +0,+0 bow (weapon)
 e - a +0,+0 short sword
 i - a +2,+2 anti-magic dagger
 o - a +0,+0 falchion
 A - a +1,+3 dagger
Missiles
 p - 3 arrows (quivered)
 y - an arrow of flame
Armour
 a - a +0 robe (worn)
 D - a +2 ring mail of cold resistance
Comestibles
 c - a meat ration
 f - 4 bread rations
 E - a rotting chunk of jackal flesh
 F - a chunk of rat flesh
Scrolls
 l - 6 scrolls of identify
 r - a scroll of amnesia
 t - a scroll of teleportation
 x - 6 scrolls of remove curse
Jewellery
 g - a +5 ring of evasion (left hand)
 q - a +3 ring of intelligence
 B - a ring of wizardry (right hand)
Potions
 h - a potion of curing
 j - a potion of restore abilities {unknown}
 k - 2 potions of might {unknown}
 m - a potion of haste {unknown}
 s - 2 potions of heal wounds
 u - 2 potions of agility {unknown}
 w - a potion of flight {unknown}
 z - a potion of paralysis {unknown}
 C - a potion of invisibility {unknown}
Books
 d - a book of Debilitation

   Spells                             Type                      Level
   *Corona                            Hexes                        1
   *Slow                              Hexes                        2
   *Inner Flame                       Hexes/Fire                   3
   *Enslavement                       Hexes                        4
   Cause Fear                         Hexes                        4
   Leda's Liquefaction                Hexes/Earth                  4
 n - a book of the Tempests

   Spells                             Type                      Level
   Static Discharge                   Conjuration/Air              3
   Lightning Bolt                     Conjuration/Air              5
   Fireball                           Conjuration/Fire             5
   Tornado                            Air                          9
   Shatter                            Earth                        9
 v - a book of Unlife

   Spells                             Type                      Level
   Recall                             Summoning/Translocation      3
   Animate Dead                       Necromancy                   4
   Control Undead                     Necromancy                   4
   Twisted Resurrection               Necromancy                   5
   Death Channel                      Necromancy                   6
   Simulacrum                         Ice/Necromancy               6


   Skills:
 - Level 1.0 Fighting
 - Level 8.9 Bows
 + Level 3.7 Dodging
 * Level 3.5 Spellcasting
 * Level 3.3 Hexes


You had 3 spell levels left.
You knew the following spells:

 Your Spells              Type           Power        Failure   Level  Hunger
a - Corona                Hex            ###....      1%          1    None
b - Slow                  Hex            ###.....     2%          2    ##.....
c - Inner Flame           Hex/Fire       ##......     9%          3    ###....
d - Enslavement           Hex            ###.....     16%         4    ####...


Dungeon Overview and Level Annotations

Branches:
Dungeon (6/15)             Temple (1/1) D:4

Altars:
Cheibriados
Makhleb
Nemelex Xobeh
Vehumet
Xom
The Shining One


Innate Abilities, Weirdness & Mutations

You have a pair of small horns on your head.
You are partially covered in slimy green scales (AC +2).
You have supernaturally acute eyesight.
You are agile. (Dex +2)
Your mind is very acute. (Int +4)
Your flesh is heat resistant.
You have an increased reservoir of magic (+10% MP).
You are resistant to electric shocks.
You evolve.


Message History

You shoot an arrow. The arrow hits the brain worm.
The brain worm is lightly wounded.
Firing (i - inventory. (,) - cycle):
p - 5 arrows (quivered)
Press: ? - help, Shift-Dir - straight line, f/p - brain worm
Aim: a brain worm (lightly wounded)
You shoot an arrow. The arrow hits the brain worm.
The brain worm is moderately wounded.
Firing (i - inventory. (,) - cycle):
p - 4 arrows (quivered)
Press: ? - help, Shift-Dir - straight line, f/p - brain worm
Aim: a brain worm (lightly wounded)
You shoot an arrow. The arrow hits the brain worm.
The brain worm is moderately wounded. "Whee!"
Your surroundings suddenly seem different.
Your surroundings suddenly seem different.
Your surroundings suddenly seem different.
Your surroundings suddenly seem different.
Your surroundings suddenly seem different.
Your surroundings suddenly seem different.
Are you sure you want to abandon this character and quit the game? (Confirm with "yes".)

#........# #........# ###
#........# #### #........#
#### ######........# ###
#.............# ###
#.............# .#######
#........####.# .......#
#....@...# #.# .......#
#ยง.......# #.# ..)....#
########## #.# ...)...#
#.# .......# #.# .......#
#.# .......# #.#
.......#################.#
>.........[..............#


There were no monsters in sight!

Vanquished Creatures
  A centaur (D:6)
  2 scorpions (D:5)
  A vampire bat (D:3)
  A crimson imp (D:5)
  2 hounds (D:5)
  2 orc wizards (D:5)
  2 worker ants (D:5)
  An iguana (D:4)
  5 adders
  4 gnolls (D:4)
  A worm zombie (D:5)
  3 worms
  A giant eyeball (D:5)
  5 giant geckos
  10 orcs
  2 giant cockroaches
  9 hobgoblins
  13 jackals
  3 quokkas
  4 ball pythons
  A ball python skeleton (D:4)
  15 bats
  3 giant newts
  7 goblins
  A goblin skeleton (D:4)
  13 kobolds
  11 rats
123 creatures vanquished.

Vanquished Creatures (collateral kills)
  2 adders
2 creatures vanquished.

Vanquished Creatures (others)
  A white imp (D:5)
1 creature vanquished.

Grand Total: 126 creatures vanquished

Notes
Turn   | Place    | Note
--------------------------------------------------------------
     0 | D:1      | BluebellGnoll, the High Elf Arcane Marksman, began the quest for the Orb.
     0 | D:1      | Reached XP level 1. HP: 13/13 MP: 3/3
   508 | D:1      | Reached XP level 2. HP: 18/18 MP: 4/4
   831 | D:2      | Learned a level 2 spell: Slow
  1290 | D:2      | Found a sparkling altar of Nemelex Xobeh.
  1711 | D:3      | Reached XP level 3. HP: 7/23 MP: 8/8
  1985 | D:3      | Upgraded the game from 0.15-a0-86-gda4a099 to 0.15-a0-90-g85a0ca6
  2130 | D:3      | Learned a level 3 spell: Inner Flame
  2301 | D:3      | Reached skill level 4 in Bows
  2487 | D:3      | Reached XP level 4. HP: 28/28 MP: 10/10
  2637 | D:3      | Found a shimmering altar of Xom.
  2637 | D:3      | Found a shimmering altar of Xom.
  2643 | D:3      | Became a worshipper of Xom of Chaos
  2784 | D:3      | XOM: harmless Pois miscast
  2830 | D:3      | Noticed a vampire bat
  2835 | D:3      | XOM: potion effect (haste)
  2838 | D:3      | Killed a vampire bat
  2838 | D:3      | Reached skill level 5 in Bows
  3119 | D:3      | XOM: give mutations
  3119 | D:3      | Gained mutation: You have large cloven feet. [Xom's grace]
  3119 | D:3      | Gained mutation: Your flesh is heat resistant. [Xom's grace]
  3119 | D:3      | Gained mutation: You are agile. (Dex +2) [Xom's grace]
  3119 | D:3      | Gained mutation: Your mind is acute. (Int +2) [Xom's grace]
  3144 | D:3      | XOM: give mutations
  3144 | D:3      | Lost mutation: You have large cloven feet. [Xom's mischief]
  3144 | D:3      | Gained mutation: You are resistant to electric shocks. [Xom's mischief]
  3144 | D:3      | Gained mutation: You evolve. [Xom's mischief]
  3257 | D:4      | Reached XP level 5. HP: 33/33 MP: 12/12
  3291 | D:4      | Reached skill level 6 in Bows
  3304 | D:4      | XOM: summons friendly iron imp
  3555 | D:4      | XOM: give mutation
  3555 | D:4      | Gained mutation: You are partially covered in slimy green scales (AC +2). [Xom's grace]
  3613 | D:4      | Gained mutation: You have supernaturally acute eyesight. [evolution]
  3627 | D:4      | Found a staircase to the Ecumenical Temple.
  3703 | Temple   | Entered the Ecumenical Temple
  3912 | D:5      | Entered Level 5 of the Dungeon
  3924 | D:5      | Reached skill level 7 in Bows
  3924 | D:5      | Reached XP level 6. HP: 38/38 MP: 15/15
  3974 | D:5      | XOM: enchant monster (bad)
  3975 | D:5      | XOM: vitrification
  3977 | D:5      | XOM: 2-stop teleportation journey
  3986 | D:5      | XOM: summons friendly white imp
  4088 | D:5      | Reached skill level 8 in Bows
  4239 | D:5      | XOM: harmless Fire miscast
  4240 | D:5      | XOM: enchant monster (good)
  4272 | D:5      | XOM: divination: magic mapping
  4358 | D:5      | XOM: divination: magic mapping
  4380 | D:5      | XOM: divination: detect items
  4610 | D:5      | Got a shimmering chain mail
  4824 | D:5      | Reached XP level 7. HP: 43/43 MP: 10/18
  4922 | D:5      | XOM: give mutation
  4922 | D:5      | Gained mutation: Your mind is very acute. (Int +4) [Xom's grace]
  4981 | D:5      | XOM: vitrification
  5204 | D:5      | XOM: give mutations
  5204 | D:5      | Gained mutation: You have an increased reservoir of magic (+10% MP). [Xom's grace]
  5204 | D:5      | Gained mutation: You have a pair of small horns on your head. [Xom's grace]
  5296 | Temple   | Identified the +3 chain mail of Greed {Dex-3 Int+1} (You found it on level 5 of the Dungeon)
  5313 | Temple   | Learned a level 4 spell: Enslavement
  5414 | D:6      | XOM: confuse monster(s)
  5428 | D:6      | XOM: snakes to sticks
  5448 | D:5      | XOM: polymorph goliath beetle -> brain worm
  5453 | D:5      | XOM: 6-stop teleportation journey
  5454 | D:5      | Quit the game

Action                   |  1- 3 |  4- 6 |  7- 9 || total
-------------------------+-------+-------+-------++-------
Melee: Dagger            |       |   177 |    38 ||   215
       Falchion          |       |    29 |       ||    29
 Fire: Bow               |   157 |   160 |    21 ||   338
 Cast: Corona            |     1 |     1 |       ||     2
  Use: Potion            |     1 |     3 |       ||     4
       Scroll            |       |     8 |       ||     8
 Stab: Paralysed         |       |     5 |       ||     5
